 Dungeon Crawl Stone Soup version 0.20.1-1-g8b1a95d (webtiles) character file.

687 Mitsuki the Skirmisher (level 7, 0/63 HPs)
             Began as a Hill Orc Fighter on Oct 15, 2017.
             Slain by a steam dragon (2 damage)
             ... on level 5 of the Dungeon.
             The game lasted 00:11:34 (4244 turns).

Mitsuki the Skirmisher (Hill Orc Fighter)           Turns: 4244, Time: 00:11:35

Health: 0/63       AC: 12    Str: 21    XL:     7   Next: 62%
Magic:  7/7        EV:  9    Int:  8    God:
Gold:   204        SH: 10    Dex: 10    Spells: 6/6 levels left

rFire    . . .     SeeInvis .   a - +0 long sword
rCold    . . .     Gourm    .   c - +0 shield
rNeg     . . .     Faith    .   n - +0 chain mail (curse)
rPois    .         Spirit   .   v - +1 helmet
rElec    .         Reflect  .   (no cloak)
rCorr    .         Harm     .   (no gloves)
MR       .....                  (no boots)
Stlth    ..........             (no amulet)
Regen    0.2/turn               k - +4 ring of evasion
MPRegen  0.1/turn               (no ring)

@: no status effects
A: no striking features
a: no special abilities


You were on level 5 of the Dungeon.
You were very hungry.

You visited 2 branches of the dungeon, and saw 6 of its levels.

You collected 204 gold pieces.

Inventory:

Hand Weapons
 a - a +0 long sword (weapon)
Missiles
 z - a throwing net (quivered)
Armour
 c - a +0 shield (worn)
 n - a cursed +0 chain mail (worn)
 v - a +1 helmet (worn)
 y - +0 ice dragon scales
Jewellery
 k - a +4 ring of evasion (left hand)
Scrolls
 b - 4 scrolls of remove curse {unknown}
 e - 3 scrolls of amnesia {unknown}
 h - 3 scrolls of identify {unknown}
 j - 2 scrolls of fog {unknown}
 q - a scroll of immolation {unknown}
 r - 4 scrolls of fear {unknown}
 s - a scroll of recharging {unknown}
 t - 2 scrolls of magic mapping {unknown}
 w - a scroll of blinking {unknown}
 x - 3 scrolls of teleportation {unknown}
 A - a scroll of noise {unknown}
Potions
 i - 2 potions of agility {unknown}
 l - 2 potions of curing {unknown}
 o - 5 potions of lignification {unknown}
 u - 2 potions of brilliance {unknown}
Comestibles
 f - 3 bread rations
 g - 6 meat rations
 m - 3 fruits
 p - 2 royal jellies


   Skills:
 + Level 6.2 Fighting
 + Level 4.9 Long Blades
 + Level 5.6 Armour
 + Level 5.1 Shields


You had 6 spell levels left.
You didn't know any spells.

Dungeon Overview and Level Annotations

Branches:
Dungeon (5/15)             Temple (1/1) D:4

Altars:
Ashenzari
Cheibriados
Dithmenos
Elyvilon
Fedhas
Gozag
Hepliaklqana
Kikubaaqudgha
Qazlal
Ru
Sif Muna
Trog
Uskayaw
Vehumet
Xom
Yredelemnul
Zin
The Shining One


Message History

You take 6 damage, and have 24/63 hp.
You hit the steam dragon.
The steam dragon is heavily wounded.
You are engulfed in a cloud of scalding steam.
* * * LOW HITPOINT WARNING * * *
The steam dragon bites you.
* * * LOW HITPOINT WARNING * * *
The steam dragon claws you.
* * * LOW HITPOINT WARNING * * *
You block the steam dragon's attack. x3
The steam dragon claws you but does no damage.
You take 16 damage, and have 8/63 hp.
MASSIVE DAMAGE!!
You slash the steam dragon!
The steam dragon is almost dead.
You are engulfed in a cloud of scalding steam.
* * * LOW HITPOINT WARNING * * *
You block the steam dragon's attack.
The steam dragon claws you but does no damage.
The steam dragon bites you.
You die...

### .. ####.# ..≈.
########.≈..#
...^≈#########P§.P≈≈≈PP..#
...≈P..≈≈.PD@§.§.........#
....D......D..P≈P≈..≈≈≈..#
...P≈≈≈≈≈≈.#######PP^≈≈..#
≈≈P.≈#######.....###..≈..##
#≈.###.............#####..#
## #.######..........##.#
#.# ##########.##.# #.#
###.##(# #.# #......#


You could see 2 steam dragons.

Vanquished Creatures
  The ghost of Flubber the Skirmisher, an amateur HOFi of the Shining One (D:4)
  An ogre (D:4)
  A scorpion (D:4)
  A centaur skeleton (D:4)
  2 orc priests (D:3)
  2 orc wizards (D:3)
  A worker ant (D:4)
  3 gnolls (D:4)
  6 adders
  An ooze (D:1)
  3 worms
  A dart slug (D:4)
  4 leopard geckos
  2 orcs (D:3)
  A ball python (D:1)
  2 giant cockroaches
  5 goblins
  9 hobgoblins
  8 kobolds
  2 quokkas
  12 bats
  5 frilled lizards
  4 rats
77 creatures vanquished.

Notes
Turn   | Place    | Note
-------+----------+-------------------------------------------
     0 | D:1      | Mitsuki the Hill Orc Fighter began the quest for the Orb.
     0 | D:1      | Reached XP level 1. HP: 19/19 MP: 1/1
   122 | D:1      | Reached XP level 2. HP: 17/27 MP: 2/2
   306 | D:1      | Reached skill level 4 in Fighting
   421 | D:1      | Reached XP level 3. HP: 29/33 MP: 3/3
  1162 | D:2      | You fall through a shaft!
  1481 | D:2      | Reached XP level 4. HP: 41/41 MP: 4/4
  1945 | D:3      | Reached XP level 5. HP: 47/47 MP: 5/5
  1970 | D:3      | Reached skill level 5 in Fighting
  2755 | D:4      | Found a staircase to the Ecumenical Temple.
  2764 | Temple   | Entered the Ecumenical Temple
  2953 | D:4      | Reached XP level 6. HP: 47/56 MP: 6/6
  3111 | D:4      | Noticed Flubber's ghost (amateur HOFi)
  3122 | D:4      | Killed Flubber's ghost
  3122 | D:4      | Reached skill level 5 in Armour
  3122 | D:4      | Reached XP level 7. HP: 45/62 MP: 7/7
  3313 | D:4      | Reached skill level 6 in Fighting
  3319 | D:4      | Reached skill level 5 in Shields
  4088 | D:5      | Entered Level 5 of the Dungeon
  4230 | D:5      | Noticed a steam dragon
  4231 | D:5      | Noticed a steam dragon
  4244 | D:5      | HP: 2/63 [steam dragon] (6)]
  4244 | D:5      | Slain by a steam dragon

Skill      XL: |  1  2  3  4  5  6  7 |
---------------+----------------------+-----
Fighting       | 4 5 6 |  6.2
Armour         | 4 5 |  5.6
Long Blades    | 3 4 |  4.9
Shields        | 4 5 |  5.1

Action                   |  1- 3 |  4- 6 |  7- 9 || total
-------------------------+-------+-------+-------++-------
Melee: Long sword        |   151 |   131 |    66 ||   348
  Use: Potion            |       |     1 |       ||     1
  Eat: Chunk             |     2 |     4 |     4 ||    10
Armor: Scale mail        |    38 |       |       ||    38
       Chain mail        |    41 |    65 |    26 ||   132
Dodge: Dodged            |    51 |    40 |    18 ||   109
Block: Shield            |    91 |    51 |    40 ||   182
       Rpst.: Long sword |    16 |     8 |     2 ||    26
